 Dungeon Crawl Stone Soup version 0.26-a0-834-g69557b85cc (webtiles) character file.

Game seed: 15322145929655600506

1789 stormannnn the Chopper (level 9, -8/56 HPs)
             Began as a Gargoyle Fighter on Nov 17, 2020.
             Was an Initiate of Makhleb.
             Mangled by an orc warrior
             ... wielding a +0 scimitar
              (12 damage)
             ... on level 9 of the Dungeon.
             The game lasted 00:13:27 (5916 turns).

stormannnn the Chopper (Gargoyle Fighter)           Turns: 5916, Time: 00:13:28

Health: -8/56      AC: 17    Str: 23    XL:     9   Next: 8%
Magic:  9/9        EV:  8    Int:  9    God:    Makhleb [......]
Gold:   294        SH: 10    Dex: 11    Spells: 8/8 levels left

rFire    + . .     SeeInvis .   a - +0 war axe
rCold    x . .     Faith    .   c - +0 kite shield
rNeg     + . .     Spirit   .   b - +0 scale mail
rPois    ∞         Reflect  .   (no helmet)
rElec    +         Harm     .   z - +1 cloak
rCorr    .         Rampage  .   f - +0 pair of gloves
MR       .....                  (no boots)
Stlth    ..........             (no amulet)
HPRegen  0.18/turn              n - ring of fire
MPRegen  0.11/turn              (no ring)

@: flying
A: big wings, agile 1, negative energy resistance 1, electricity resistance,
unbreathing, petrification resistance, rot immunity, AC +6
a: Stop Flying, Renounce Religion


You were on level 9 of the Dungeon.
You worshipped Makhleb.
Makhleb was noncommittal.
You visited 2 branches of the dungeon, and saw 8 of its levels.

You collected 294 gold pieces.

Inventory:

Hand Weapons
 a - a +0 war axe (weapon)
Armour
 b - a +0 scale mail (worn)
 c - a +0 kite shield (worn)
 f - a +0 pair of gloves (worn)
 z - a +1 cloak (worn)
Jewellery
 n - a ring of fire (left hand)
 y - an uncursed amulet of regeneration {unknown}
 B - an uncursed ring of resist corrosion {unknown}
Wands
 o - a wand of iceblast (5)
 C - a wand of flame (16)
Scrolls
 e - 4 scrolls of remove curse {unknown}
 g - 3 scrolls of teleportation
 i - a scroll of enchant armour {unknown}
 p - a scroll of fog {unknown}
 s - a scroll of enchant weapon {unknown}
 v - a scroll of immolation {unknown}
 A - a scroll of identify
Potions
 d - 2 potions of might
 h - 3 potions of attraction {unknown}
 j - 3 potions of mutation
 k - a potion of invisibility
 l - 3 potions of brilliance {unknown}
 m - a potion of heal wounds {unknown}
 q - 2 potions of berserk rage {unknown}
 r - a potion of magic {unknown}
 t - a potion of haste {unknown}
 u - a potion of cancellation {unknown}
 w - a potion of flight {unknown}
 x - a potion of curing {unknown}


   Skills:
 + Level 6.4 Fighting
 * Level 6.8 Axes
 + Level 6.4 Armour
 + Level 6.4 Shields


You had 8 spell levels left.
You didn't know any spells.
Your spell library contained the following spells:

 Spells                   Type           Power        Failure   Level
 Beastly Appendage        Tmut           #.....       96%         1
 Magic Dart               Conj           #...         96%         1
 Blink                    Tloc           N/A          99%         2
 Wereblood                Tmut           #.......     99%         2
 Confusing Touch          Hex            #.......     100%        3
 Gell's Gravitas          Tloc           #.........   100%        3
 Lesser Beckoning         Tloc           #.........   100%        3
 Spider Form              Tmut/Pois      #.........   100%        3
 Teleport Other           Tloc           #.......     100%        3
 Ice Form                 Ice/Tmut       #.......     100%        4
 Passage of Golubria      Tloc           N/A          100%        4
 Petrify                  Tmut/Erth      #.......     100%        4
 Blade Hands              Tmut           #.........   100%        5
 Metabolic Englaciation   Hex/Ice        #.........   100%        5
 Yara's Violent Unravell  Hex/Tmut       #.........   100%        5


Dungeon Overview and Level Annotations

Branches:
Dungeon (6/15)             Temple (1/1) D:5             Orc (0/2) D:9

Altars:
Ashenzari
Cheibriados
Elyvilon
Gozag
Kikubaaqudgha
Makhleb
Nemelex Xobeh
Qazlal
Ru
Sif Muna
Uskayaw
Vehumet
Wu Jian
Xom
Yredelemnul
Zin
The Shining One
Lugonu


Innate Abilities, Weirdness & Mutations

You are resistant to torment.
Your stone body is resilient. (AC +6)
You are immune to poison.
You resist negative energy. (rN+)
You are resistant to electric shocks. (rElec)
You can survive without breathing.
You are immune to petrification.
You are immune to rotting.
Your large and strong wings let you fly indefinitely.
You are agile. (Dex +2)


Message History

Unknown command.
You barely miss the orc warrior.
The orc warrior is almost dead.
You hit the orc warrior but do no damage.
The orc warrior is almost dead.
You block the orc warrior's attack.
Unknown command.
You hit the orc warrior but do no damage.
The orc warrior is almost dead.
An orc wizard comes into view. It is wielding a +0 dagger.
The orc warrior hits you but does no damage.
You completely miss the orc warrior.
The orc warrior is almost dead.
The orc wizard shouts!
The orc warrior hits you with a +0 scimitar!
* * * LOW HITPOINT WARNING * * *
You closely miss the orc warrior.
The orc warrior is almost dead.
The orc warrior hits you with a +0 scimitar!
You die...

####### ############
.o..... ...........#
!..[... ........#..#
S...... ........#.)###
..o.... ...>...o.....#
..($... #o....@)..#.###
###### .......
......)))..#...####.....
.......
.......[...#......#.....
#######
############)[.##)'.....
.......####.....
........# #.....
.........# #.....
.........# #.....
.........# #.....


You could see an orc warrior and an orc wizard.

Vanquished Creatures
  Grinder (D:3)
  Sigmund (D:3)
  An orc warrior (D:9)
  A sky beast (D:5)
  A swamp drake (D:9)
  A phantom (D:5)
  An ogre (D:5)
  A centaur (D:5)
  Blork the orc (D:6)
  A bullfrog (D:3)
  2 scorpions
  3 hounds
  A bullfrog skeleton (D:9)
  2 jellies
  3 orc priests (D:9)
  An orc wizard (D:4)
  2 worker ants (D:4)
  A killer bee zombie (D:5)
  A hound zombie (D:5)
  7 gnolls
  9 adders
  A white imp (D:5)
  An ufetubus (D:9)
  An ooze (D:3)
  An adder zombie (D:5)
  2 worms
  A dart slug (D:1)
  6 leopard geckos
  23 orcs
  A ball python (D:2)
  3 giant cockroaches
  6 goblins
  11 hobgoblins
  7 jackals
  3 quokkas
  9 bats
  10 frilled lizards
  8 kobolds
  A leopard gecko skeleton (D:4)
  2 rats (D:1)
139 creatures vanquished.

Vanquished Creatures (others)
  A scorpion (D:9)
  3 orcs (D:9)
4 creatures vanquished.

Grand Total: 143 creatures vanquished

Notes
Turn   | Place    | Note
-------+----------+-------------------------------------------
     0 | D:1      | stormannnn the Gargoyle Fighter began the quest for the
                  | Orb.
     0 | D:1      | Reached XP level 1. HP: 14/14 MP: 1/1
   141 | D:1      | Reached XP level 2. HP: 19/19 MP: 2/2
   630 | D:1      | Reached XP level 3. HP: 21/23 MP: 3/3
  1211 | D:2      | Reached XP level 4. HP: 29/29 MP: 4/4
  1380 | D:2      | Found a broken altar of Ashenzari.
  1603 | D:2      | Found an opulent altar of Gozag.
  1603 | D:2      | Found a stormy altar of Qazlal.
  1701 | D:3      | Found a burning altar of Makhleb.
  1813 | D:3      | Reached XP level 5. HP: 33/33 MP: 5/5
  2036 | D:3      | Found a radiant altar of Vehumet.
  2041 | D:3      | Identified Vehumet's Disquisition on Combat Magic
  2044 | D:3      | Found an ancient bone altar of Kikubaaqudgha.
  2045 | D:3      | Found a shimmering blue altar of Sif Muna.
  2152 | D:3      | Found a sacrificial altar of Ru.
  2240 | D:3      | Noticed Sigmund
  2240 | D:3      | Noticed Grinder
  2242 | D:3      | Paralysed by Grinder for 4 turns
  2259 | D:3      | Gained mutation: Your large and strong wings let you fly
                  | indefinitely. [potion of mutation]
  2259 | D:3      | Gained mutation: You are agile. (Dex +2) [potion of
                  | mutation]
  2756 | D:3      | Reached XP level 6. HP: 39/39 MP: 6/6
  2817 | D:3      | Paralysed by Grinder for 6 turns
  2829 | D:3      | Paralysed by Grinder for 5 turns
  2835 | D:3      | Killed Grinder
  2863 | D:3      | Killed Sigmund
  2864 | D:3      | Reached skill level 5 in Fighting
  2864 | D:3      | Reached XP level 7. HP: 13/44 MP: 7/7
  3160 | D:3      | Reached skill level 5 in Shields
  3166 | D:3      | Reached skill level 5 in Armour
  3591 | D:4      | Reached skill level 5 in Axes
  4170 | D:4      | Found a glowing golden altar of the Shining One.
  4247 | D:4      | Found an ornate altar of the Wu Jian Council.
  4264 | D:5      | Entered Level 5 of the Dungeon
  4282 | D:5      | Reached XP level 8. HP: 39/50 MP: 8/8
  4406 | D:5      | Found a sparkling altar of Nemelex Xobeh.
  4827 | D:5      | Found a staircase to the Ecumenical Temple.
  4952 | Temple   | Entered the Ecumenical Temple
  5096 | D:3      | Became a worshipper of Makhleb the Destroyer
  5524 | D:6      | Noticed Blork the orc
  5535 | D:6      | Killed Blork the orc
  5643 | D:6      | You are sucked into a shaft and drop 3 floors!
  5877 | D:9      | Found a staircase to the Orcish Mines.
  5883 | D:9      | Reached XP level 9. HP: 52/56 MP: 9/9
  5916 | D:9      | Mangled by an orc warrior

Illustrated notes

Levels and vault maps discovered:
D:1:      minmay_arrival_shoal_huts, layout_loops_ring, chequers_arboretum,
          grunt_decor_resistance, minmay_pentomino_p4
D:2:      layout_basic, evilmike_ruin_ashenzari, gammafunk_temple_overflow_wave
D:3:      layout_basic, grunt_temple_overflow_magic_moments,
          nicolae_ru_sacrificial_ziggurat, old_standard_altar, minivault_14,
          uniq_sigmund, uniq_grinder
D:4:      layout_basic, kennysheep_mini_moat, nicolae_tso_carved_into_rock,
          minmay_ruptured
D:5:      layout_basic, nemelex_altar_shiori,
          minmay_temple_entry_gardened_gates, minmay_checkerbox
D:6:      layout_loops_corners, riverfiend_overflow_shadow_ancestor,
          overflow_temple_1_default, uniq_blork_the_orc
D:9:      layout_roguey, erik_orc_1, tgw_trog
Temple:   corrupted_temple

Skill      XL: |  1  2  3  4  5  6  7  8 |
---------------+-------------------------+-----
Axes           | 2 3 4 5 6 |  6.8
Shields        | 4 5 6 |  6.4
Fighting       | 4 5 6 |  6.4
Armour         | 4 5 6 |  6.4

Action                   |  1- 3 |  4- 6 |  7- 9 || total
-------------------------+-------+-------+-------++-------
Melee: War axe           |   111 |   157 |   283 ||   551
 Abil: Fly               |       |     1 |       ||     1
  Use: Scroll            |       |     2 |     2 ||     4
       Potion            |       |     1 |       ||     1
Armor: Scale mail        |    80 |    90 |   146 ||   316
Dodge: Dodged            |    38 |    55 |    73 ||   166
Block: Kite shield       |    74 |    78 |   176 ||   328

Table legend: (Time is in decaauts)
 A = Elapsed time spent in this place.
 B = Non-inter-level travel time spent in this place.
 C = Inter-level travel time spent in this place.
 D = Time resting spent in this place.
 E = Time spent auto-exploring this place.
 F = Levels seen in this place.
 G = Mean time per level.
                   A        B        C        D        E       F      G
               +--------+--------+--------+--------+--------+-----+--------+
         Total |   6117 |   5756 |    361 |    964 |   3597 |   8 |  764.6 |
       Dungeon |   6040 |   5709 |    331 |    964 |   3571 |   7 |  862.9 |
        Temple |     76 |     46 |     30 |      0 |     26 |   1 |   76.0 |
               +--------+--------+--------+--------+--------+-----+--------+

Top non-repeatable levels by time:
     D:3: 1446 daAuts
     D:2: 1167 daAuts
     D:1: 984 daAuts
     D:5: 907 daAuts
     D:4: 893 daAuts
     D:6: 349 daAuts
     D:9: 290 daAuts
  Temple: 76 daAuts
